 Dungeon Crawl Stone Soup version 0.31-a0-150-g89dc3ad700 (webtiles) character file.

Game seed: 1073885985422349131

1913 qw the Skirmisher (level 8, -1/73 HPs)
             Began as a Minotaur Hunter on June 8, 2023.
             Slain by a wight
             ... wielding a +2 war axe of venom
              (13 damage)
             ... on level 7 of the Dungeon.
             The game lasted 00:02:11 (4811 turns).

qw the Skirmisher (Minotaur Hunter)                 Turns: 4811, Time: 00:02:12

Health: -1/73      AC: 12    Str: 17    XL:     8   Next: 95%
Magic:  7/7        EV: 12    Int:  6    God:
Gold:   335        SH:  0    Dex: 15    Spells: 7/7 levels left

rFire   . . .        Y - +3 longbow (drain)
rCold   + . .        (shield currently unavailable)
rNeg    . . .        g - +2 ring mail {Will+}
rPois   .            (helmet restricted)
rElec   .            h - +2 cloak
rCorr   .            f - +0 pair of gloves
SInv    .            (no boots)
Will    +....        (no amulet)
Stlth   +            j - ring of protection from cold
HPRegen 0.32/turn    (no ring)
MPRegen 0.10/turn

%: no passive effects
@: lethally poisoned (-1 -> -12), about to teleport, weakened
A: horns 2, retaliatory headbutt
a: no special abilities


You were on level 7 of the Dungeon.
You visited 2 branches of the dungeon, and saw 8 of its levels.

You collected 335 gold pieces.


Innate Abilities, Weirdness & Mutations

You have a pair of horns on your head.
You reflexively headbutt those who attack you in melee.


   Skills:
 - Level 7.3 Fighting
 - Level 11.1 Ranged Weapons
 - Level 3.2 Armour
 + Level 3.4 Dodging
 - Level 0.7 Stealth


You had 7 spell levels left.
You didn't know any spells.
Your spell library was empty.

Inventory:

Hand Weapons
 Y - a +3 longbow of draining (weapon)
Armour
 f - a +0 pair of gloves (worn)
 g - a +2 ring mail of willpower (worn)
 h - a +2 cloak (worn)
 k - a +1 ring mail of fire resistance
Jewellery
 j - a ring of protection from cold (left hand)
Scrolls
 b - a scroll of silence {unknown}
 c - 6 scrolls of identify
Potions
 a - 4 potions of curing
 e - a potion of mutation
 i - a potion of heal wounds

Dungeon Overview and Level Annotations

Branches:
Dungeon (7/15)             Temple (1/1) D:5

Altars:
Ashenzari
Cheibriados
Dithmenos
Elyvilon
Fedhas
Gozag
Hepliaklqana
Kikubaaqudgha
Makhleb
Nemelex Xobeh
Qazlal
Ru
Sif Muna
Trog
Uskayaw
Vehumet
Wu Jian
Xom
Zin
The Shining One

Shops:
D:5 :


Message History

The arrow closely misses the killer bee.
The killer bee stings you but does no damage.
The killer bee stings you. x2; The killer bee closely misses you.
The wight closely misses you. You furiously retaliate!
You headbutt the wight! The wight barely misses you.
The wight hits you with a +4 great sword!
The killer bee stings you.
The killer bee stings you but does no damage.
You shoot an arrow. The arrow barely misses the wight.
The killer bee barely misses you. You furiously retaliate!
You headbutt the killer bee!
You kill the killer bee!
The killer bee barely misses you. x2
The gnoll bouda barks out a call to the hunt!
The gnoll picks up the pace!
An orc comes into view. It is wielding a +0 dagger.
The wight closely misses you. The wight hits you with a +2 mace.
You feel drained. The wight closely misses you.
The orc shouts!
Your life force feels restored.
You shoot an arrow. The arrow hits the wight!
You destroy the wight!
The killer bee closely misses you. You furiously retaliate!
You headbutt the killer bee!
You kill the killer bee!
The gnoll bouda gazes fiercely through you!
You feel your attacks grow feeble.
The wight hits you with a +2 war axe of venom!
You are poisoned.
An orc comes into view. It is wielding a +0 hand axe.
The orc barely misses you.
The wight hits you with a +4 great sword!
The gnoll completely misses you.
Your Ranged Weapons skill increases to level 11!
4811 ||| READING scroll of teleportation.
As you read the scroll of teleportation, it crumbles to dust.
You feel strangely unstable.
You feel very sick.
The wight hits you with a +2 war axe of venom!
You die...

... ##... ...........
...#o. #...# #..#......
...#o.##...####........#
...........##.#.......##
.................<......
.........#........##....
.....o.z.#...##...###..#
...g..ozz#....##...#####
.##))g@)..........#
........###.......##
...##..## #...##.## ##
..## ###.##..# ...
###...# ...# #...# ...
##### .#


You could see a gnoll bouda, 3 wights, a gnoll (swift) and 4 orcs.

Vanquished Creatures
  Grinder (D:3)
  An orc warrior (D:6)
  A sky beast (D:7)
  An ogre (D:6)
  A phantom (D:5)
  A centaur (D:3)
  A gnoll sergeant (D:7)
  2 scorpions (D:5)
  A bullfrog (D:7)
  A wight (D:7)
  4 killer bees (D:7)
  2 jellies
  6 hounds
  4 orc priests
  4 iguanas
  3 orc wizards
  6 gnolls (D:7)
  9 adders
  2 white imps
  2 ufetubi
  2 worms
  4 dart slugs
  16 orcs
  7 ball pythons
  9 endoplasms
  7 giant cockroaches
  7 goblins
  7 hobgoblins
  5 jackals (D:3)
  12 kobolds
  3 quokkas
  5 bats
  6 frilled lizards
  9 rats
152 creatures vanquished.

Vanquished Creatures (others)
  A human (D:6)
1 creature vanquished.

Grand Total: 153 creatures vanquished

Notes
Turn   | Place    | Note
-------+----------+-------------------------------------------
     0 | D:1      | qw the Minotaur Hunter began the quest for the Orb.
     0 | D:1      | Reached XP level 1. HP: 18/18 MP: 0/0
     0 | D:1      | 0 ||| qw: Version: 0.2-a-119-g7aa9181
     0 | D:1      | 0 ||| qw: Game counter: 2907
     0 | D:1      | 0 ||| qw: Always use a shield: true
     0 | D:1      | 0 ||| qw: God list: Okawaru
     0 | D:1      | 0 ||| qw: Allow faded altars: false
     0 | D:1      | 0 ||| qw: Do Orc after D:15 true
     0 | D:1      | 0 ||| qw: Do second Lair branch before Depths: true
     0 | D:1      | 0 ||| qw: Lair rune preference: random
     0 | D:1      | 0 ||| qw: Plans: Normal
     0 | D:1      | 0 ||| PLANNING D:1-11
    66 | D:1      | 66 ||| FLEEEEING.
    67 | D:1      | 67 ||| FLEEEEING.
    68 | D:1      | 68 ||| FLEEEEING.
   108 | D:1      | Reached XP level 2. HP: 25/25 MP: 1/1
   115 | D:1      | Reached skill level 5 in Ranged Weapons
   361 | D:1      | 361 ||| Stepping ~*~*~tactically~*~*~ (outnumbered).
   373 | D:1      | Reached skill level 3 in Fighting
   475 | D:1      | Reached XP level 3. HP: 24/31 MP: 2/2
   866 | D:1      | 866 ||| UPGRADING to +0 ring mail.
   876 | D:1      | 876 ||| DROPPING +0 leather armour.
   877 | D:1      | 877 ||| UPGRADING to +0 pair of gloves.
   882 | D:1      | 882 ||| UPGRADING to +2 cloak.
   887 | D:1      | 887 ||| READING scroll labelled PAFERRO CETIBA.
   888 | D:1      | 888 ||| READING scroll labelled BOMAAD IRHOR.
   941 | D:1      | 941 ||| DROPPING scroll of butterflies.
   973 | D:2      | 973 ||| STAIRDANCE
   977 | D:1      | Reached skill level 1 in Armour
  1195 | D:2      | Reached XP level 4. HP: 25/38 MP: 3/3
  1383 | D:2      | 1383 ||| DRINKING 2 sedimented orange potions.
  1419 | D:3      | Noticed Grinder
  1423 | D:3      | Paralysed by Grinder for 4 turns
  1439 | D:3      | HP: 6/38 [Grinder/nerve-wracking pain (9)]
  1440 | D:3      | Killed Grinder
  1441 | D:3      | Reached skill level 7 in Ranged Weapons
  1441 | D:3      | Reached XP level 5. HP: 7/45 MP: 4/4
  1619 | D:3      | Reached XP level 6. HP: 51/51 MP: 5/5
  2142 | D:3      | Found a faded altar of an unknown god.
  2447 | D:3      | 2447 ||| READING scroll labelled GOUSUA HEERHI.
  2450 | D:3      | 2450 ||| READING 2 scrolls labelled XOILAG ELAENATETZ.
  2451 | D:3      | 2451 ||| READING scroll labelled UVEITE PAFO.
  2452 | D:3      | 2452 ||| READING scroll labelled REGIYSHRAYTATH.
  2453 | D:3      | 2453 ||| DRINKING 2 bubbling red potions.
  2454 | D:3      | 2454 ||| READING 2 scrolls of identify.
  2454 | D:3      | 2454 ||| IDENTIFYING silvery potion
  2455 | D:3      | 2455 ||| DROPPING potion of attraction.
  2456 | D:3      | 2456 ||| DROPPING scroll of blinking.
  2480 | D:4      | 2480 ||| STAIRDANCE
  2486 | D:3      | Reached skill level 3 in Armour
  2558 | D:4      | Identified the +7 chain mail of Imukhloepp {Will+}
  2578 | D:4      | Reached skill level 8 in Ranged Weapons
  2774 | D:4      | Found a shadowy altar of Dithmenos.
  2889 | D:4      | You fall into a shaft and drop 1 floor!
  2889 | D:5      | Entered Level 5 of the Dungeon
  2907 | D:5      | Reached XP level 7. HP: 60/60 MP: 6/6
  2958 | D:5      | Found Livvinif's Book Shop.
  3125 | D:5      | Found a staircase to the Ecumenical Temple.
  3126 | D:5      | 3126 ||| PLANNING TEMPLE
  3126 | D:5      | 3126 ||| UPGRADING to +2 ring mail of willpower.
  3136 | D:5      | 3136 ||| DROPPING +0 ring mail.
  3137 | D:5      | 3137 ||| READING 3 scrolls of identify.
  3137 | D:5      | 3137 ||| IDENTIFYING sedimented golden potion
  3138 | D:5      | 3138 ||| READING 2 scrolls of identify.
  3138 | D:5      | 3138 ||| IDENTIFYING viscous orange potion
  3139 | D:5      | 3139 ||| DROPPING potion of brilliance.
  3140 | D:5      | 3140 ||| DROPPING potion of enlightenment.
  3148 | Temple   | Entered the Ecumenical Temple
  3292 | Temple   | 3292 ||| PLANNING D:1-11
  3427 | D:5      | Reached skill level 9 in Ranged Weapons
  3576 | D:4      | Found a bloodstained altar of Trog.
  3859 | D:4      | 3859 ||| READING scroll labelled UVOMNI XAPSE.
  3859 | D:4      | Identified a scroll of acquirement
  3859 | D:4      | 3859 ||| ACQUIRING +2 longbow of draining
  3859 | D:4      | Acquired a +2 longbow of draining
  3861 | D:4      | 3861 ||| SWAPPING to +2 longbow of draining.
  3862 | D:4      | 3862 ||| DROPPING +0 shortbow.
  3863 | D:4      | 3863 ||| READING 4 scrolls of identify.
  3863 | D:4      | 3863 ||| IDENTIFYING puce potion
  4194 | D:5      | Reached skill level 3 in Dodging
  4196 | D:5      | 4196 ||| UPGRADING to ring of protection from cold.
  4275 | D:6      | Reached XP level 8. HP: 70/70 MP: 7/7
  4286 | D:6      | Reached skill level 6 in Fighting
  4317 | D:6      | Found a burning altar of Makhleb.
  4357 | D:6      | Found a snail-covered altar of Cheibriados.
  4364 | D:6      | Found a radiant altar of Vehumet.
  4367 | D:6      | Found a hide-covered altar of Uskayaw.
  4367 | D:6      | Found a stormy altar of Qazlal.
  4374 | D:6      | Found a shimmering altar of Xom.
  4462 | D:6      | Found an ancient bone altar of Kikubaaqudgha.
  4645 | D:6      | 4645 ||| DROPPING +0 leather armour of cold resistance.
  4646 | D:6      | 4646 ||| READING scroll labelled ERIOHA XOIXU.
  4647 | D:6      | 4647 ||| READING scroll labelled TEHOMIOTHRA.
  4720 | D:7      | Reached skill level 10 in Ranged Weapons
  4810 | D:7      | HP: 15/73 [wight/+4 great sword (13)]
  4811 | D:7      | Reached skill level 11 in Ranged Weapons
  4811 | D:7      | 4811 ||| READING scroll of teleportation.
  4811 | D:7      | Slain by a wight

Levels and vault maps discovered:
D:1:      amcnicky_arrival_blooded_trapdoor, layout_basic, amethyst_killhole
D:2:      layout_rooms
D:3:      minmay_thinvault, layout_rooms, dilly_ecumenical_altar_fadedgnrine,
          uniq_crazy_yiuf_cottage, uniq_grinder
D:4:      layout_gridville, mainiacjoe_overflow_brackets, kennysheep_mini_moat,
          minmay_misc_feat_ornament
D:5:      layout_loops_ring, minmay_temple_entry_glassed_door, serial_shops,
          nicolae_shop_rolling_square, minmay_misc_feat_rows,
          kennysheep_generic_room_3
D:6:      layout_cave_pools, nicolae_overflow_hallway_of_the_gods,
          lemuel_doored_altar, tgw_kikubaaqudgha
D:7:      layout_cave_pools
Temple:   nicolae_temple_bog_church

Skill      XL: |  1  2  3  4  5  6  7  8 |
---------------+-------------------------+-----
Ranged Weapons | 5 7 8 9 11 | 11.1
Fighting       | 3 4 5 7 |  7.3
Armour         | 1 3 |  3.2
Dodging        | 3 |  3.4
Stealth        | |  0.7

Action                     |  1- 3 |  4- 6 |  7- 9 || total
---------------------------+-------+-------+-------++-------
   Fire: Shortbow          |   122 |   187 |    67 ||   376
         Longbow           |       |       |    99 ||    99
    Use: Scroll            |     2 |     5 |     7 ||    14
         Potion            |       |     2 |       ||     2
 Armour: Leather armour    |     7 |       |       ||     7
         Ring mail         |     9 |    35 |    45 ||    89
  Dodge: Dodged            |    37 |    60 |    68 ||   165

Table legend:
 A = Non-vault XP
 B = Vault XP
 C = Vault XP percentage of total XP
 D = Non-vault monster count
 E = Vault monster count
 F = Vault count percentage of total count
                 A         B        C        D         E       F
            +---------+---------+-------+---------+---------+-------
      Total |    2287 |     446 |  16.3 |     130 |      22 |  14.5
            +---------+---------+-------+---------+---------+-------
        D:1 |      68 |       0 |   0.0 |      29 |       0 |   0.0
        D:2 |      38 |       0 |   0.0 |      16 |       0 |   0.0
        D:3 |     153 |     333 |  68.5 |      18 |      21 |  53.8
        D:4 |     173 |       0 |   0.0 |      16 |       0 |   0.0
        D:5 |     444 |     113 |  20.3 |      11 |       1 |   8.3
        D:6 |     610 |       0 |   0.0 |      18 |       0 |   0.0
        D:7 |     801 |       0 |   0.0 |      22 |       0 |   0.0
            +---------+---------+-------+---------+---------+-------
